 Dungeon Crawl Stone Soup version 0.23-a0-625-g1d2cd9b (webtiles) character file.

543 TheGoonsmith the Cudgeler (level 7, 0/56 HPs)
             Began as a Demonspawn Chaos Knight on Dec 24, 2018.
             Was a Plaything of Xom.
             Succumbed to a worker ant's poison
             ... on level 5 of the Dungeon.
             The game lasted 00:10:39 (4714 turns).

TheGoonsmith the Cudgeler (Demonspawn Chaos Knight) Turns: 4714, Time: 00:10:40

Health: 0/56       AC: 10    Str: 23 (24) XL:     7   Next: 6%
Magic:  8/8        EV:  8    Int: 11 (13) God:    Xom [...*..]
Gold:   258        SH:  0    Dex: 12      Spells: 6/6 levels left

rFire    . . .     SeeInvis .   r - +1 whip
rCold    . . .     Gourm    .   (no shield)
rNeg     . . .     Faith    .   m - +0 chain mail
rPois    .         Spirit   .   (helmet restricted)
rElec    .         Reflect  .   (no cloak)
rCorr    +         Harm     .   (no gloves)
MR       .....                  (no boots)
Stlth    ..........             (no amulet)
HPRegen  0.18/turn              y - ring of resist corrosion
MPRegen  0.11/turn              n - +4 ring of strength

@: mighty, lethally poisoned (0 -> -1)
A: antennae 1, molten scales 1
a: Renounce Religion


You were on level 5 of the Dungeon.
You worshipped Xom.
You were a favourite toy of Xom.
You were not hungry.

You visited 1 branch of the dungeon, and saw 5 of its levels.

You collected 258 gold pieces.

Inventory:

Hand Weapons
 a - a +0 mace of chaos
 r - a +1 whip (weapon)
Missiles
 o - 5 tomahawks (quivered)
Armour
 b - a +2 leather armour
 e - a +0 ring mail of fire resistance
 m - a +0 chain mail (worn)
Jewellery
 i - an uncursed ring of ice
 n - a +4 ring of strength (right hand)
 p - an uncursed ring of protection from cold
 y - a ring of resist corrosion (left hand)
Wands
 g - a wand of random effects (26)
 u - a wand of iceblast (7)
Scrolls
 j - a scroll of teleportation
Potions
 d - a potion of resistance
 f - a potion of flight
 s - a potion of invisibility
Comestibles
 c - 11 rations
 h - 3 chunks of flesh


   Skills:
 - Level 5.0 Fighting
 * Level 6.1 Maces & Flails
 - Level 1.7 Armour
 - Level 0.8 Dodging
 + Level 1.7 Evocations


You had 6 spell levels left.
You didn't know any spells.
Your spell library was empty.

Dungeon Overview and Level Annotations

Branches:
Dungeon (5/15)
 Temple: D:4-7

Altars:
Dithmenos
Fedhas
Hepliaklqana
Makhleb
Nemelex Xobeh
Qazlal
Ru
Trog
Vehumet
Xom

Annotations:
D:4 Eustachio


Innate Abilities, Weirdness & Mutations

You have a pair of small antennae on your head.
You are partially covered in molten scales. (AC +2)


Message History

You kill the worker ant!
You feel sick.
You start resting.
You feel sick. x8
You hear Xom's maniacal laughter.
There are monsters nearby!
You feel sick. The adder bites you but does no damage.
There is an open door here.
You closely miss the adder. The adder bites you.
* * * LOW HITPOINT WARNING * * *
* * * LOW HITPOINT WARNING * * *
You feel sick. The adder bites you but does no damage.
Okay, then.
* * * LOW HITPOINT WARNING * * *
You feel sick. The adder bites you but does no damage.
The sky beast flickers out of sight!
Deactivating autopickup; reactivate with Ctrl-A.
The adder bites you.
* * * LOW HITPOINT WARNING * * *
You die...
Xom chortles!

........ '........ #....###
.....# #......... #.......
.....### #......... #.......
........ #.......# ##......<
......(. #.......# #......§.
........ #.......# #...§.†..
........ #^......# #........
.....########.......######...†..#
######.....>....@.S......#......#
.........................'.......
.............#####+#.....########
.............#.....#.............
.............'.....#.............
.............#.....#.............
......####'###.....#.............
......#............#..........>..
#######.....##>....#.............


You could see an adder.

Vanquished Creatures
  A scorpion (D:5)
  2 hounds (D:4)
  A jelly (D:5)
  A bullfrog zombie (D:4)
  An iguana (D:4)
  4 worker ants
  A worker ant zombie (D:4)
  9 adders
  2 gnolls (D:4)
  3 oozes
  2 adder zombies (D:4)
  A worm (D:2)
  A dart slug (D:1)
  A leopard gecko (D:1)
  6 orcs
  4 giant cockroaches
  6 goblins
  3 hobgoblins
  2 jackals (D:4)
  3 kobolds (D:1)
  2 quokkas
  2 ball pythons
  5 bats
  A frilled lizard (D:4)
  A jackal zombie (D:4)
  2 quokka skeletons
  3 quokka zombies
  5 rats
75 creatures vanquished.

Vanquished Creatures (collateral kills)
  A crimson imp (D:4)
  A hound (D:4)
  3 gnolls
  An orc (D:3)
  A giant cockroach (D:4)
7 creatures vanquished.

Grand Total: 82 creatures vanquished

Notes
Turn   | Place    | Note
-------+----------+-------------------------------------------
     0 | D:1      | TheGoonsmith the Demonspawn Chaos Knight began the quest
                  | for the Orb.
     0 | D:1      | Reached XP level 1. HP: 18/18 MP: 1/1
   146 | D:1      | Reached skill level 3 in Maces & Flails
   173 | D:1      | Gained mutation: You have a pair of small antennae on your
                  | head. [demonic ancestry]
   173 | D:1      | Reached XP level 2. HP: 24/24 MP: 2/2
   267 | D:1      | XOM: harmless Erth miscast
   504 | D:1      | XOM: divination: magic mapping
   888 | D:2      | XOM: mild Tmut miscast
   956 | D:2      | Found a burning altar of Makhleb.
   958 | D:2      | Found a hazy altar of Hepliaklqana.
   958 | D:2      | Found a blossoming altar of Fedhas.
   960 | D:2      | Found a sacrificial altar of Ru.
   960 | D:2      | Found a shimmering altar of Xom.
   960 | D:2      | Found a hazy altar of Hepliaklqana.
  1004 | D:2      | XOM: mild Air miscast
  1181 | D:2      | Reached XP level 3. HP: 29/29 MP: 3/3
  1208 | D:2      | XOM: silly message
  1378 | D:3      | XOM: mild Ice miscast
  1435 | D:3      | XOM: harmless Necr miscast
  1826 | D:3      | XOM: confusion (+ monsters)
  1849 | D:3      | Reached skill level 4 in Maces & Flails
  1849 | D:3      | Gained mutation: You are partially covered in molten
                  | scales. (AC +2) [demonic ancestry]
  1849 | D:3      | Reached XP level 4. HP: 28/37 MP: 4/4
  1975 | D:3      | XOM: polymorph rat -> gnoll
  1988 | D:3      | XOM: confusion
  1994 | D:3      | XOM: summons 4 friendly demons
  2442 | D:4      | XOM: blink monster(s)
  2450 | D:4      | Reached XP level 5. HP: 36/42 MP: 5/5
  2492 | D:4      | XOM: smoke on damage
  2558 | D:4      | XOM: summons 2 friendly demons
  2612 | D:4      | XOM: summons 2 friendly demons
  2736 | D:4      | XOM: smoke on damage
  2737 | D:4      | XOM: summons friendly quasit
  2758 | D:4      | Reached skill level 5 in Maces & Flails
  2882 | D:4      | Found a sparkling altar of Nemelex Xobeh.
  2941 | D:4      | XOM: harmless Tmut miscast
  2957 | D:4      | XOM: noise
  2971 | D:4      | XOM: smoke on damage
  2973 | D:4      | XOM: harmless Air miscast
  3004 | D:4      | Reached XP level 6. HP: 9/49 MP: 6/6
  3019 | D:4      | HP: 2/49 [jackal zombie (2)]
  3408 | D:4      | Noticed Eustachio
  3424 | D:4      | XOM: enchant monster (good)
  3456 | D:4      | XOM: summons friendly iron imp
  3829 | D:4      | XOM: mild Necr miscast
  3899 | D:4      | XOM: god gift: tapered iron wand {god gift}
  4001 | D:4      | Found a radiant altar of Vehumet.
  4001 | D:4      | Found a shadowy altar of Dithmenos.
  4003 | D:4      | Found a bloodstained altar of Trog.
  4004 | D:4      | Found a stormy altar of Qazlal.
  4030 | D:5      | Entered Level 5 of the Dungeon
  4107 | D:5      | XOM: god gift: 28 gold pieces
  4188 | D:5      | XOM: harmless Conj miscast
  4478 | D:5      | XOM: confuse monster(s)
  4480 | D:5      | XOM: mild Chrm miscast
  4490 | D:5      | Reached skill level 1 in Evocations
  4529 | D:5      | Reached skill level 5 in Fighting
  4597 | D:5      | XOM: harmless Fire miscast
  4676 | D:5      | Reached skill level 6 in Maces & Flails
  4676 | D:5      | Reached XP level 7. HP: 24/56 MP: 8/8
  4679 | D:5      | XOM: fog
  4701 | D:5      | XOM: summons 2 hostile shadow creatures
  4705 | D:5      | HP: 2/56 [adder[Xom] (2)]
  4710 | D:5      | HP: 1/56 [poisoned by a worker ant]
  4714 | D:5      | Succumbed to a worker ant's poison

Vault maps used:
D:1:      dpeg_arrival_chase
D:2:      doesnt_xom_only_xom
D:4:      grunt_temple_overflow_open, first_ration, serial_undead,
          serial_undead_d, serial_undead_a, serial_undead_c, serial_undead_d,
          serial_undead_d, serial_undead_e, minmay_between, uniq_eustachio

Skill      XL: |  1  2  3  4  5  6 |
---------------+-------------------+-----
Maces & Flails | 3 4 5 6 |  6.1
Fighting       | 4 5 |  5.0
Evocations     | 1 |  1.7
Armour         | |  1.7
Dodging        | |  0.8

Action                   |  1- 3 |  4- 6 |  7- 9 || total
-------------------------+-------+-------+-------++-------
Melee: Mace              |   116 |       |       ||   116
       Whip              |    13 |   393 |     8 ||   414
Throw: Tomahawk          |       |     1 |       ||     1
  Use: Potion            |       |     8 |     1 ||     9
       Scroll            |       |     6 |       ||     6
 Stab: Sleeping          |     1 |       |       ||     1
       Distracted        |       |     1 |       ||     1
       Petrified         |       |     4 |       ||     4
       Confused          |       |     1 |       ||     1
       Invisible         |       |     1 |       ||     1
  Eat: Chunk             |     2 |     7 |       ||     9
       Ration            |       |     1 |       ||     1
Armor: Leather armour    |    25 |       |       ||    25
       Chain mail        |    94 |   244 |     7 ||   345
Dodge: Dodged            |    73 |   124 |     1 ||   198

Table legend:
 A = Non-vault XP
 B = Vault XP
 C = Vault XP percentage of total XP
 D = Non-vault monster count
 E = Vault monster count
 F = Vault count percentage of total count
                 A         B        C        D         E       F
            +---------+---------+-------+---------+---------+-------
      Total |     646 |     131 |  16.9 |      70 |      12 |  14.6
            +---------+---------+-------+---------+---------+-------
        D:1 |      24 |       0 |   0.0 |      14 |       0 |   0.0
        D:2 |      22 |       0 |   0.0 |       9 |       0 |   0.0
        D:3 |      91 |       0 |   0.0 |      19 |       0 |   0.0
        D:4 |     233 |     131 |  36.0 |      16 |      12 |  42.9
        D:5 |     276 |       0 |   0.0 |      12 |       0 |   0.0
            +---------+---------+-------+---------+---------+-------
